 Dungeon Crawl Stone Soup version 0.26-a0-504-g0cf647090d (webtiles) character file.

Game seed: 6944003758896635268

88479 Kaldir the Geomancer (level 15, -1/93 HPs)
             Began as a Gargoyle Earth Elementalist on Aug 8, 2020.
             Was the Champion of Vehumet.
             Slain by Saint Roka
             ... wielding a +0 war axe
              (12 damage)
             ... on level 2 of the Orcish Mines.
             The game lasted 00:56:13 (24815 turns).

Kaldir the Geomancer (Gargoyle Earth Elementalist) Turns: 24815, Time: 00:56:13

Health: -1/93      AC: 21    Str: 13    XL:     15   Next: 94%
Magic:  24/29      EV: 16    Int: 33    God:    Vehumet [******]
Gold:   1838       SH:  0    Dex: 12    Spells: 7/35 levels left

rFire    . . .     SeeInvis .   E - +9 morningstar (drain)
rCold    + . .     Faith    .   (no shield)
rNeg     + . .     Spirit   .   i - +2 robe {rC+}
rPois    ∞         Reflect  .   l - +2 helmet
rElec    +         Harm     .   (no cloak)
rCorr    .                      L - +1 pair of gloves
MR       +....                  (no boots)
Stlth    ++........             g - amulet of magic regeneration
HPRegen  0.25/turn              y - +6 ring of intelligence
MPRegen  0.46/turn              n - +6 ring of intelligence

@: flying, slightly contaminated
A: big wings, agile 1, negative energy resistance 1, electricity resistance,
unbreathing, petrification resistance, rot immunity, MP-powered wands, AC +11
a: Stop Flying, Renounce Religion


You were on level 2 of the Orcish Mines.
You worshipped Vehumet.
Vehumet was exalted by your worship.
You visited 4 branches of the dungeon, and saw 23 of its levels.

You collected 2159 gold pieces.
You spent 321 gold pieces at shops.

Inventory:

Hand Weapons
 E - a +9 morningstar of draining (weapon)
Missiles
 b - 773 stones (quivered)
 H - a throwing net
Armour
 i - a +2 robe of cold resistance (worn)
 l - a +2 helmet (worn)
 L - a +1 pair of gloves (worn)
Jewellery
 g - an amulet of magic regeneration (around neck)
 n - a +6 ring of intelligence (right hand)
 y - a +6 ring of intelligence (left hand)
 N - an uncursed ring of ice
 R - an uncursed ring of protection from fire
Wands
 f - a wand of random effects (56)
 p - a wand of flame (45)
 s - a wand of enslavement (2)
 z - a wand of disintegration (14)
 C - a wand of paralysis (7)
 M - a wand of iceblast (10)
Scrolls
 c - 7 scrolls of amnesia
 h - a scroll of brand weapon
 k - 10 scrolls of remove curse
 m - 3 scrolls of immolation
 o - 3 scrolls of fog
 t - 4 scrolls of fear
 w - a scroll of enchant weapon
 x - 10 scrolls of teleportation
 B - 4 scrolls of identify
 I - 4 scrolls of magic mapping
 O - 4 scrolls of blinking
Potions
 d - 4 potions of ambrosia
 e - 4 potions of cancellation
 j - 4 potions of mutation
 q - 7 potions of heal wounds
 r - 4 potions of flight
 u - 8 potions of curing
 v - 2 potions of might
 A - 2 potions of stabbing
 D - 3 potions of lignification
 F - 2 potions of brilliance
 G - a potion of magic
 Q - 3 potions of resistance
Miscellaneous
 K - a phantom mirror
 P - a tin of tremorstones (2/3)


   Skills:
 + Level 10.9 Fighting
 + Level 10.0 Maces & Flails
 - Level 6.0 Armour
 + Level 8.7 Dodging
 - Level 2.1 Stealth
 + Level 10.5 Spellcasting
 + Level 11.8 Conjurations
 - Level 0.7 Transmutations
 * Level 8.1 Fire Magic
 + Level 13.4 Earth Magic
 - Level 6.0 Evocations


You had 7 spell levels left.
You knew the following spells:

 Your Spells              Type           Power        Failure   Level
a - Sandblast             Erth           ######       0%          1
b - Stone Arrow           Conj/Erth      ######       1%          3
c - Lee's Rapid Deconstr  Erth           #######...   1%          5
d - Mephitic Cloud        Conj/Pois/Air  #####...     1%          3
e - Fireball              Conj/Fire      ######....   1%          5
f - Starburst             Conj/Fire      ######....   1%          6
g - Irradiate             Conj/Tmut      ######....   1%          5

Your spell library contained the following spells:

 Spells                   Type           Power        Failure   Level
 Magic Dart               Conj           ####         0%          1
 Beastly Appendage        Tmut           ###...       1%          1
 Foxfire                  Conj/Fire      ####         1%          1
 Passwall                 Tmut/Erth      ######..     1%          2
 Conjure Flame            Conj/Fire      ######..     1%          3
 Dazzling Flash           Conj/Hex       ######       1%          3
 Inner Flame              Hex/Fire       #####...     1%          3
 Petrify                  Tmut/Erth      ######..     1%          4
 Sticky Flame             Conj/Fire      ######..     1%          4
 Corona                   Hex            ###....      2%          1
 Summon Small Mammal      Summ           ###.         2%          1
 Wereblood                Tmut           ###.....     3%          2
 Blink                    Tloc           N/A          4%          2
 Call Imp                 Summ           ###.....     4%          2
 Ensorcelled Hibernation  Hex/Ice        ###...       4%          2
 Slow                     Hex            ###.....     4%          2
 Spider Form              Tmut/Pois      ###.......   7%          3
 Call Canine Familiar     Summ           ###.....     9%          3
 Confusing Touch          Hex            ###.....     9%          3
 Gell's Gravitas          Tloc           ###.......   9%          3
 Portal Projectile        Hex/Tloc       ###...       9%          3
 Summon Guardian Golem    Hex/Summ       ###.....     9%          3
 Tukima's Dance           Hex            ###.....     9%          3
 Ice Form                 Ice/Tmut       ###.....     24%         4
 Summon Ice Beast         Ice/Summ       ###.....     26%         4
 Summon Lightning Spire   Summ/Air       ###.....     26%         4
 Blade Hands              Tmut           ###.......   50%         5
 Dispersal                Tloc           ###.......   99%         6
 Controlled Blink         Tloc           N/A          100%        8
 Disjunction              Tloc           ###.......   100%        8


Dungeon Overview and Level Annotations

Branches:
Dungeon (14/15)            Temple (1/1) D:6            Lair (6/6) D:9
 Shoals (0/4) Lair:4        Snake (0/4) Lair:3        Slime (0/5) Lair:6
    Orc (2/2) D:9          Vaults (0/5) D:13
    Elf: Orc:2

Altars:
Ashenzari
Dithmenos
Elyvilon
Gozag
Hepliaklqana
Kikubaaqudgha
Makhleb
Okawaru
Qazlal
Sif Muna
Trog
Vehumet
Wu Jian
Xom
The Shining One

Shops:
D:5 ?   D:14 ?

Annotations:
Orc:2 Saint Roka


Innate Abilities, Weirdness & Mutations

You are resistant to torment.
Your stone body is resilient. (AC +11)
You are immune to poison.
Your large and strong wings let you fly indefinitely.
You resist negative energy. (rN+)
You are resistant to electric shocks. (rElec)
You can survive without breathing.
You are immune to petrification.
You are immune to rotting.
You are agile. (Dex +2)
You expend magic power (3 MP) to strengthen your wands.


Message History

Casting: Irradiate (dangerous; 1% risk of failure)
Confirm with . or Enter, or press ? or * to list all spells.
You don't have enough magic to cast that spell.
Unknown command.
Magic courses through your body.
The orc warrior hits you with a +0 mace of protection!
* * * LOW HITPOINT WARNING * * *
Saint Roka hits you but does no damage. The orc misses you.
Unknown command.
Unknown command.
Casting: Irradiate (dangerous; 1% risk of failure)
Confirm with . or Enter, or press ? or * to list all spells.
You miscast Irradiate.
You are lightly contaminated with residual magic.
Nothing appears to happen.
The orc priest looks encouraged for a moment.
The orc warrior hits you with a +0 mace of protection!
* * * LOW HITPOINT WARNING * * *
Saint Roka hits you with a +0 war axe!
You die...

...........#...
...............
...............
...)..........#
...............
..............#
.......[.......
......o@[......
......ooo......
.....oo........
.<..)........#.
...)...........
..)[#..####....
....#.# ....
... ## ...


You could see Saint Roka (misshapen), 2 orc warriors, 2 orc priests and an orc
(strong).

Vanquished Creatures
  A tengu reaver (D:14)
  A fire giant (D:12)
  A frost giant (D:12)
  A very ugly thing (D:13)
  2 stone giants
  An ettin (D:14)
  A yaktaur captain (D:12)
  5 hydras
  An ice dragon (Lair:1)
  An ogre mage (D:13)
  A catoblepas (D:12)
  11 two-headed ogres
  A dancing weapon (D:14)
  3 centaur warriors
  A tengu warrior (D:14)
  An orc high priest (Orc:1)
  Sonja (Lair:2)
  4 skeletal warriors
  2 unseen horrors (D:10)
  A flayed ghost (D:14)
  Pikel (D:5)
  A wizard (D:13)
  3 orc knights
  5 cyclopes
  5 ugly things (D:14)
  An orc sorcerer (Orc:2)
  A deep elf mage (D:13)
  A black mamba (Lair:4)
  Psyche (D:12)
  An eye of devastation (shapeshifter) (D:14)
  A molten gargoyle (Lair:6)
  Maggie (Lair:2)
  An efreet (D:13)
  3 gargoyles
  A rime drake (Lair:6)
  A kobold demonologist (D:14)
  17 cane toads
  12 komodo dragons
  2 freezing wraiths
  3 tengu conjurers (D:14)
  A polar bear (Lair:5)
  9 trolls
  A meliai (D:14)
  4 tyrant leeches (Lair:6)
  Prince Ribbit (D:5)
  4 slime creatures (D:12)
  A hornet (D:13)
  20 blink frogs
  4 dream sheep
  6 hippogriffs
  2 wraiths
  Sigmund (D:3)
  A spriggan (Lair:5)
  2 vampires
  A redback (D:12)
  2 shadows
  3 basilisks
  68 yaks
  5 wyverns
  11 vampire mosquitoes
  2 wargs (Orc:2)
  3 nagas (Lair:3)
  Edmund (D:5)
  A soldier ant (D:13)
  2 sky beasts
  7 water moccasins
  8 porcupines
  3 black bears
  An eye of draining (D:14)
  21 orc warriors
  10 ice beasts
  2 necrophages
  3 phantoms
  17 ogres
  A boggart (D:12)
  3 wolves (Lair:5)
  6 centaurs
  11 crocodiles
  8 big kobolds
  Blork the orc (D:4)
  28 bullfrogs
  A gnoll sergeant (D:9)
  A wyvern skeleton (D:9)
  5 scorpions
  19 killer bees
  14 wights
  7 howler monkeys
  2 electric eels
  A lava snake (Lair:6)
  4 bullfrog zombies
  7 jellies
  A quasit (D:12)
  4 bullfrog skeletons
  11 orc priests
  3 centaur skeletons
  6 hounds
  Jessica (D:2)
  5 iguanas
  32 orc wizards
  Natasha (D:2)
  9 worker ants
  2 hound skeletons
  2 worker ant zombies
  Robin (D:2)
  A gnoll (D:9)
  A howler monkey skeleton (D:5)
  9 adders
  4 shadow imps
  A white imp (D:6)
  An ufetubus (D:9)
  2 adder skeletons
  2 worms
  3 dart slugs
  6 leopard geckos
  58 orcs
  2 ball pythons
  3 giant cockroaches
  14 goblins
  6 hobgoblins
  6 jackals
  2 quokkas
  3 frilled lizards
  21 kobolds
  A leopard gecko zombie (D:5)
  11 rats
  A fungus (Lair:6)
  9 plants (Lair:6)
695 creatures vanquished.

Vanquished Creatures (others)
  5 fungi (Lair:6)
  29 plants (Lair:6)
  4 toadstools (D:1)
38 creatures vanquished.

Grand Total: 733 creatures vanquished

Notes
Turn   | Place    | Note
-------+----------+-------------------------------------------
     0 | D:1      | Kaldir the Gargoyle Earth Elementalist began the quest for
                  | the Orb.
     0 | D:1      | Reached XP level 1. HP: 10/10 MP: 3/3
   242 | D:1      | Reached XP level 2. HP: 6/15 MP: 1/5
   451 | D:1      | Reached skill level 4 in Earth Magic
   910 | D:2      | Found a faded altar of an unknown god.
   912 | D:2      | Noticed Jessica
  1056 | D:2      | Reached XP level 3. HP: 19/19 MP: 6/6
  1063 | D:1      | Learned a level 3 spell: Stone Arrow
  1075 | D:2      | Killed Jessica
  1075 | D:2      | Reached skill level 1 in Conjurations
  1171 | D:2      | Reached XP level 4. HP: 15/24 MP: 8/8
  1465 | D:2      | Noticed Robin
  1471 | D:2      | Killed Robin
  1564 | D:2      | Noticed Natasha
  1580 | D:2      | Killed Natasha
  1580 | D:2      | Reached skill level 5 in Earth Magic
  1580 | D:2      | Reached XP level 5. HP: 25/28 MP: 6/9
  1588 | D:2      | Learned a level 5 spell: Lee's Rapid Deconstruction
  1888 | D:3      | Noticed Sigmund
  1900 | D:3      | Killed Sigmund
  1900 | D:3      | Reached XP level 6. HP: 32/32 MP: 4/11
  2222 | D:3      | Found a transporter.
  2413 | D:3      | Found a transporter.
  2756 | D:3      | Reached skill level 6 in Earth Magic
  3252 | D:4      | Reached XP level 7. HP: 36/36 MP: 9/13
  3441 | D:4      | Gained mutation: You are agile. (Dex +2) [potion of
                  | mutation]
  3441 | D:4      | Gained mutation: You expend magic power (3 MP) to
                  | strengthen your wands. [potion of mutation]
  3542 | D:4      | Noticed Blork the orc
  3687 | D:4      | Killed Blork the orc
  3791 | D:4      | Found a shimmering blue altar of Sif Muna.
  3912 | D:4      | Reached skill level 7 in Earth Magic
  4080 | D:4      | Found a shadowy altar of Dithmenos.
  4109 | D:5      | Entered Level 5 of the Dungeon
  4117 | D:5      | Found a shimmering altar of Xom.
  4281 | D:5      | Noticed Prince Ribbit
  4287 | D:5      | Killed Prince Ribbit
  4287 | D:5      | Reached skill level 1 in Fighting
  4287 | D:5      | Reached skill level 1 in Maces & Flails
  4287 | D:5      | Reached skill level 1 in Armour
  4287 | D:5      | Reached skill level 5 in Spellcasting
  4287 | D:5      | Reached XP level 8. HP: 43/43 MP: 11/15
  4289 | D:5      | Reached skill level 1 in Evocations
  4469 | D:5      | Noticed Edmund
  4562 | D:5      | Reached skill level 5 in Conjurations
  4841 | D:5      | Found a bloodstained altar of Trog.
  4899 | D:5      | Found a white marble altar of Elyvilon.
  5057 | D:5      | Found Oqismeq's Magic Scroll Emporium.
  5064 | D:5      | Bought a scroll of teleportation for 39 gold pieces
  5064 | D:5      | Bought a scroll of teleportation for 39 gold pieces
  5064 | D:5      | Bought a scroll of teleportation for 39 gold pieces
  5064 | D:5      | Bought a scroll of identify for 26 gold pieces
  5064 | D:5      | Bought a scroll of identify for 26 gold pieces
  5210 | D:5      | Noticed Pikel
  5220 | D:5      | Killed Pikel
  5220 | D:5      | Reached XP level 9. HP: 46/49 MP: 1/17
  5233 | D:5      | Killed Edmund
  5735 | D:6      | Found an ancient bone altar of Kikubaaqudgha.
  5769 | D:6      | Found a staircase to the Ecumenical Temple.
  5785 | D:6      | Reached skill level 8 in Earth Magic
  5788 | Temple   | Entered the Ecumenical Temple
  5849 | Temple   | Became a worshipper of Vehumet
  6125 | D:6      | Found a glowing golden altar of the Shining One.
  6170 | D:6      | Found a radiant altar of Vehumet.
  6582 | D:7      | Learned a level 3 spell: Mephitic Cloud
  7090 | D:7      | Found an ornate altar of the Wu Jian Council.
  7106 | D:7      | Found an opulent altar of Gozag.
  7199 | D:7      | Reached * piety under Vehumet
  7199 | D:7      | Offered knowledge of Foxfire by Vehumet.
  7515 | D:8      | Found a hazy altar of Hepliaklqana.
  7645 | D:8      | Reached XP level 10. HP: 40/56 MP: 14/19
  8601 | D:9      | Found a staircase to the Lair.
  8610 | D:9      | Offered knowledge of Shock by Vehumet.
  8610 | D:9      | Reached ** piety under Vehumet
  8711 | D:9      | Reached skill level 9 in Earth Magic
  8758 | D:9      | Found a stormy altar of Qazlal.
  9146 | D:9      | Offered knowledge of Searing Ray by Vehumet.
  9331 | D:9      | Reached skill level 5 in Armour
  9341 | D:9      | Reached *** piety under Vehumet
  9341 | D:9      | Reached skill level 5 in Fighting
  9356 | D:9      | Offered knowledge of Airstrike by Vehumet.
  9356 | D:9      | Reached XP level 11. HP: 59/64 MP: 10/21
  9360 | D:9      | Found a staircase to the Orcish Mines.
  9585 | D:9      | Found a burning altar of Makhleb.
  9702 | D:10     | Entered Level 10 of the Dungeon
  9765 | D:10     | Reached skill level 5 in Maces & Flails
 10059 | D:10     | Reached **** piety under Vehumet
 10256 | D:10     | Found a burning altar of Makhleb.
 10322 | D:10     | Offered knowledge of Olgreb's Toxic Radiance by Vehumet.
 10511 | D:10     | Killed an unseen horror
 10674 | D:10     | Killed an unseen horror
 10674 | D:10     | Reached skill level 5 in Evocations
 11014 | D:11     | Noticed a six-headed hydra
 11018 | D:11     | Killed a six-headed hydra
 11018 | D:11     | Reached skill level 5 in Dodging
 11698 | D:12     | Reached skill level 10 in Earth Magic
 11729 | D:12     | Reached XP level 12. HP: 41/71 MP: 21/23
 11730 | D:12     | Noticed a catoblepas
 12050 | D:12     | Reached ***** piety under Vehumet
 12050 | D:12     | Offered knowledge of Lightning Bolt by Vehumet.
 12117 | D:12     | Killed a catoblepas
 12329 | D:12     | Noticed Psyche
 12331 | D:12     | Killed Psyche
 12370 | D:12     | Noticed a fire giant
 12388 | D:12     | Killed a fire giant
 12572 | D:12     | Noticed a yaktaur captain
 12572 | D:12     | Noticed a frost giant
 12574 | D:12     | Noticed a stone giant
 12584 | D:12     | Killed a yaktaur captain
 12584 | D:12     | Killed a frost giant
 12584 | D:12     | Killed a stone giant
 12584 | D:12     | Reached skill level 11 in Earth Magic
 13109 | D:12     | Reached XP level 13. HP: 34/78 MP: 25/25
 13978 | D:13     | Reached skill level 10 in Conjurations
 13978 | D:13     | Noticed a purple very ugly thing
 13988 | D:13     | Killed a purple very ugly thing
 14451 | D:13     | Learned a level 5 spell: Fireball
 14489 | D:13     | Reached skill level 12 in Earth Magic
 14521 | D:13     | Reached skill level 1 in Fire Magic
 14530 | D:13     | Offered knowledge of Hailstorm by Vehumet.
 14583 | D:13     | Gained mutation: Your large and strong wings let you fly
                  | indefinitely. [Gargoyle growth]
 14583 | D:13     | Reached XP level 14. HP: 34/86 MP: 20/27
 14867 | D:13     | Found a gate to the Vaults.
 15390 | D:14     | Found Ciudgh's Magic Scroll Shoppe.
 15399 | D:14     | Bought a scroll of teleportation for 57 gold pieces
 15399 | D:14     | Bought a scroll of teleportation for 57 gold pieces
 15399 | D:14     | Bought a scroll of identify for 38 gold pieces
 15871 | D:14     | Noticed a tengu reaver
 15879 | D:14     | Killed a tengu reaver
 16767 | Lair:1   | Entered Level 1 of the Lair of Beasts
 16778 | D:9      | Reached skill level 5 in Fire Magic
 16992 | Lair:1   | Reached skill level 10 in Fighting
 17611 | Lair:1   | Got a twisted trident
 17612 | Lair:1   | Identified the +3 trident of Tivihup {antimagic, rPois
                  | Str+6 Int-5} (You found it on level 1 of the Lair of
                  | Beasts)
 18003 | Lair:2   | Noticed Maggie
 18008 | Lair:2   | Killed Maggie
 18286 | Lair:2   | Noticed Sonja
 18317 | Lair:2   | Killed Sonja
 18665 | Lair:3   | Found an iron altar of Okawaru.
 18724 | Lair:3   | Reached XP level 15. HP: 88/92 MP: 28/28
 18944 | Lair:3   | Found a staircase to the Snake Pit.
 18952 | Lair:3   | Reached skill level 10 in Spellcasting
 19831 | Lair:4   | Reached ****** piety under Vehumet
 19977 | Lair:4   | Found a staircase to the Shoals.
 20589 | Lair:5   | Reached skill level 13 in Earth Magic
 20598 | Lair:4   | Offered knowledge of Starburst by Vehumet.
 20683 | Lair:4   | Learned a level 6 spell: Starburst
 20844 | Lair:5   | You are sucked into a shaft and drop 1 floor!
 20844 | Lair:6   | Entered Level 6 of the Lair of Beasts
 22952 | Lair:6   | Offered knowledge of Irradiate by Vehumet.
 23326 | Lair:6   | Learned a level 5 spell: Irradiate
 23454 | Lair:6   | Found a staircase to the Slime Pits.
 23716 | Orc:1    | Entered Level 1 of the Orcish Mines
 24143 | Orc:1    | Reached skill level 10 in Maces & Flails
 24688 | Orc:2    | Entered Level 2 of the Orcish Mines
 24697 | Orc:2    | Noticed Saint Roka
 24815 | Orc:2    | Slain by Saint Roka

Illustrated notes

Levels and vault maps discovered:
D:1:      ldierk_walled_garden_2, layout_loops_ring
D:2:      layout_rooms, chequers_ecumenical_altar_simple_redux, uniq_jessica,
          uniq_robin, uniq_natasha
D:3:      gammafunk_wand_slinger, layout_basic, uniq_sigmund
D:4:      layout_basic, tgw_sif, kennysheep_mini_moat
D:5:      layout_gridville, elyvilon_altar_3, old_standard_altar, serial_shops,
          shop, basic_altar, uniq_edmund, uniq_prince_ribbit1, uniq_pikel,
          uniq_blork_the_orc
D:6:      layout_basic, kiku_gazebo_pond_becter, lemuel_crystal_altar,
          temple_green, vehumet_altar_wand_db
D:7:      layout_basic, lemuel_crystal_altar, kennysheep_little_box
D:8:      layout_basic, overflow_temple_1_default
D:9:      layout_irregular_city, marbit_many_paths, lair_entry_dummy,
          kennysheep_orc_monster_closet_entryway, basic_altar
D:10:     layout_roguey, basic_altar, chequers_serial_rivers_room_b,
          small_statue_alley_b, chequers_serial_rivers_small_b
D:11:     layout_loops_cross
D:12:     minmay_octo_star, layout_loops_ring, uniq_psyche
D:13:     layout_loops_ring, david_vaults_1, grunt_potential
D:14:     thingy_vault, layout_basic, minmay_strange_pillars, serial_shops,
          shop, serial_bayou_crossing
Temple:   minmay_temple_forest_path
Lair:1:   dragon1_lemuel, layout_regular_city, grunt_megastairs_4,
          lemuel_fruit_fields, serial_bayou_shore_a
Lair:2:   layout_hall_layers, uniq_maggie, uniq_sonja
Lair:3:   layout_loops_ring, minmay_snake_entry_guardpost_small, basic_altar
Lair:4:   layout_regular_city, elwin_shoals_entry_rocks
Lair:5:   layout_regular_city, grunt_forest_stairs_clearing, lemuel_fruit_tree,
          infiniplex_staircase_pool_2
Lair:6:   minmay_lair_end_frog_pond, layout_gridlike, slime_dummy
Orc:1:    layout_caves, basic_altar
Orc:2:    grunt_orc_cross, layout_caves, lightli_orcish_oven

Skill      XL: |  1  2  3  4  5  6  7  8  9 10 11 12 13 14 15 |
---------------+----------------------------------------------+-----
Earth Magic    | 4 5 6 7 8 9 10 11 12 13 | 13.4
Conjurations   | 1 2 3 4 5 6 7 8 9 10 11 | 11.8
Spellcasting   | 3 4 5 6 7 8 9 10 | 10.5
Fighting       | 1 2 3 5 6 7 9 10 | 10.9
Maces & Flails | 1 2 3 4 5 7 8 9 10 | 10.0
Armour         | 1 2 3 5 6 |  6.0
Dodging        | 2 3 4 5 6 7 8 |  8.7
Evocations     | 2 3 4 5 6 |  6.0
Fire Magic     | 1 5 8 |  8.1
Stealth        | |  2.1
Transmutations | |  0.7

Action                   |  1- 3 |  4- 6 |  7- 9 | 10-12 | 13-15 || total
-------------------------+-------+-------+-------+-------+-------++-------
Melee: Unarmed           |    28 |       |       |       |       ||    28
       Dagger            |    22 |       |       |       |       ||    22
       Mace              |    21 |    89 |   244 |    42 |       ||   396
       Morningstar       |       |       |       |   312 |   574 ||   886
 Cast: Sandblast         |    12 |    21 |    36 |    32 |    50 ||   151
       Stone Arrow       |       |       |     7 |    14 |    38 ||    59
       Lee's Rapid Decon |       |       |     6 |    67 |   114 ||   187
       Mephitic Cloud    |       |       |     2 |     2 |     5 ||     9
       Fireball          |       |       |       |       |    21 ||    21
       Starburst         |       |       |       |       |    29 ||    29
       Irradiate         |       |       |       |       |     3 ||     3
 Abil: Fly               |       |       |       |       |     1 ||     1
Evoke: Wand              |       |     3 |    10 |     1 |     8 ||    22
       Tin of tremorston |       |       |       |       |     5 ||     5
  Use: Scroll            |     5 |     8 |    14 |    11 |    12 ||    50
       Potion            |       |     1 |     2 |     3 |     2 ||     8
 Stab: Sleeping          |     1 |       |     2 |     7 |     4 ||    14
       Confused          |       |       |     3 |     1 |     3 ||     7
       Distracted        |       |       |     1 |       |     1 ||     2
Armor: Robe              |    26 |    37 |   120 |   224 |   296 ||   703
Dodge: Dodged            |    46 |    65 |   218 |   348 |   553 ||  1230

Table legend: (Time is in decaauts)
 A = Elapsed time spent in this place.
 B = Non-inter-level travel time spent in this place.
 C = Inter-level travel time spent in this place.
 D = Time resting spent in this place.
 E = Time spent auto-exploring this place.
 F = Levels seen in this place.
 G = Mean time per level.
                   A        B        C        D        E       F      G
               +--------+--------+--------+--------+--------+-----+--------+
         Total |  25018 |  24217 |    801 |   3963 |  15712 |  23 | 1087.7 |
       Dungeon |  17656 |  17077 |    579 |   3516 |  10194 |  14 | 1261.1 |
        Temple |     85 |     48 |     37 |      0 |     47 |   1 |   85.0 |
          Lair |   6856 |   6679 |    177 |    354 |   5266 |   6 | 1142.7 |
  Orcish Mines |    420 |    413 |      7 |     93 |    205 |   2 |  210.0 |
               +--------+--------+--------+--------+--------+-----+--------+

Top non-repeatable levels by time:
     D:9: 2060 daAuts
    D:12: 1717 daAuts
  Lair:6: 1611 daAuts
    D:13: 1596 daAuts
     D:5: 1596 daAuts
    D:14: 1509 daAuts
     D:3: 1378 daAuts
    D:10: 1362 daAuts
  Lair:5: 1269 daAuts
  Lair:4: 1269 daAuts
  Lair:1: 1220 daAuts
     D:1: 1047 daAuts
     D:8: 972 daAuts
     D:7: 966 daAuts
    D:11: 916 daAuts
